Map: Lightshade LE

Players

Seither - Winner!

  • Race: Terran Terran

Raza

  • Race: Terran Terran

Event: DreamHack SC2 Masters 2021 Winter

VOD

Have the link to the VOD?

Description

Time

  • Played on: Oct. 3, 2021, 4:36 a.m.
  • Length: 31:26

All games in this series

Show
View Real Time Build Order
Export as new Build Order

Seither Terran - Winner!

Build Orders:  

Get SALT Encoding   

  12  0:00  SCV  
  13  0:12  SCV  
  14  0:17  Supply Depot  
  14  0:25  SCV  
  15  0:39  SCV  
  15  0:41  Barracks  
  16  0:46  Refinery  
  16  0:51  SCV  
  17  1:01  Barracks  
  17  1:07  SCV  
  18  1:19  SCV  
  19  1:29  Supply Depot  
  19  1:30  Reaper  
  19  1:32  Orbital Command  
  20  1:50  Reaper  
  21  1:59  SCV  
  22  2:08  Reaper  
  23  2:11  Command Center  
  23  2:14  SCV  
  24  2:20  Refinery  
  24  2:25  Reaper  
  24  2:26  SCV  
  26  2:33  Bunker  
  26  2:38  SCV  
  27  2:46  Reaper  
  27  2:47  Supply Depot  
  27  2:50  SCV  
  28  3:02  SCV  
  29  3:08  Reaper  
  30  3:15  SCV  
  30  3:18  Factory  
  31  3:24  Orbital Command  
  31  3:27  SCV  
  32  3:30  Reaper  
  33  3:39  SCV  
  31  3:50  SCV  
  31  3:51  SCV  
  33  4:00  Refinery  
  33  4:01  Bunker  
  32  4:03  SCV x2  
  32  4:06  Factory Tech Lab  
  32  4:08  Starport  
  34  4:10  Barracks Reactor  
  34  4:12  Command Center  
  34  4:17  SCV x2  
  36  4:29  SCV x2  
  35  4:37  Cyclone  
  34  4:43  SCV x2  
  35  4:48  Marine x2  
  30  5:00  SCV x2  
  30  5:06  Marine x2  
  21  5:22  SCV x2  
  21  5:24  Marine x2, Orbital Command  
  25  5:35  SCV x2  
  27  5:36  Cloaking Field, Banshee  
  27  5:37  Factory Tech Lab  
  30  5:47  SCV x2  
  32  5:50  Marine  
  32  5:56  SCV  
  34  5:59  SCV  
  34  6:03  Siege Tank  
  38  6:08  SCV x2  
  38  6:10  Marine  
  41  6:14  Marine  
  41  6:17  SCV  
  42  6:20  SCV  
  42  6:21  Banshee  
  46  6:27  SCV  
  46  6:30  SCV  
  48  6:35  SCV  
  48  6:38  Siege Tank  
  48  6:39  SCV, Marine x2  
  55  6:49  Supply Depot  
  55  6:51  SCV x2  
  57  7:00  Starport  
  57  7:06  Banshee  
  57  7:08  SCV  
  61  7:10  Barracks Reactor, SCV x2  
  63  7:22  Supply Depot  
  63  7:27  Siege Tank  
  63  7:29  SCV x2  
  68  7:36  SCV  
  69  7:40  Supply Depot  
  69  7:43  SCV x2  
  68  7:48  Supply Depot, SCV  
  69  7:53  Viking x2  
  69  7:55  SCV  
  74  7:59  Refinery  
  74  8:03  Viking  
  74  8:04  SCV  
  74  8:05  SCV  
  78  8:18  Siege Tank, Marine  
  78  8:19  SCV x3  
  82  8:27  Viking  
  82  8:28  Viking  
  82  8:33  SCV  
  82  8:34  SCV  
  88  8:38  Viking  
  80  9:01  Viking x2, Marine  
  80  9:02  SCV x2  
  66  9:11  SCV  
  66  9:14  SCV  
  69  9:23  SCV  
  69  9:29  Siege Tank  
  69  9:30  Liberator  
  75  9:31  Marine  
  77  9:38  SCV x2  
  77  9:42  Stimpack  
  75  9:50  SCV  
  76  9:57  Liberator  
  76  9:59  Orbital Command  
  78  10:09  Siege Tank  
  78  10:28  Marine  
  78  10:34  Barracks  
  79  10:42  SCV x3  
  82  10:44  Viking  
  82  10:45  Viking  
  86  10:55  Engineering Bay x2  
  86  10:56  SCV x2, Siege Tank  
  91  11:08  Supply Depot  
  91  11:10  SCV x2  
  93  11:14  Supply Depot  
  93  11:15  Medivac, SCV, Marine  
  93  11:16  Supply Depot  
  97  11:21  Barracks  
  97  11:28  Barracks Reactor  
  97  11:33  Barracks  
  97  11:34  Barracks  
  97  11:35  Terran Infantry Weapons Level 1, Marine  
  97  11:36  Siege Tank, Terran Infantry Armor Level 1  
  101  11:43  Supply Depot  
  98  11:51  Sensor Tower  
  98  11:53  Missile Turret  
  98  11:54  Combat Shield  
  98  11:56  Missile Turret  
  98  11:58  Missile Turret  
  98  12:08  Siege Tank, Marine x2, Orbital Command  
  103  12:11  Barracks Tech Lab  
  103  12:13  Barracks Reactor  
  103  12:22  SCV x2  
  104  12:27  Refinery  
  104  12:29  Barracks Reactor  
  104  12:30  Barracks Reactor, Marine x2  
  104  12:31  Medivac x2  
  104  12:34  SCV  
  104  12:36  Refinery  
  111  12:37  SCV x2  
  111  12:41  Marine  
  114  12:46  SCV  
  114  12:47  Marine  
  115  12:52  Marine x3  
  115  12:53  Siege Tank  
  115  12:54  Medivac  
  122  12:59  Marine  
  123  13:05  Marine  
  123  13:06  SCV x2  
  123  13:09  Sensor Tower  
  123  13:10  Marine x3  
  128  13:14  SCV  
  128  13:18  SCV  
  130  13:22  Command Center  
  130  13:23  Supply Depot, Marine x3  
  130  13:24  Armory  
  133  13:30  Supply Depot  
  133  13:31  Supply Depot  
  133  13:32  Supply Depot  
  133  13:39  SCV  
  133  13:40  Missile Turret  
  133  13:41  SCV x2, Siege Tank, Marine x2  
  140  13:54  Marine x3  
  143  13:57  Viking x2  
  143  13:58  Viking  
  149  14:04  SCV  
  149  14:05  SCV x2  
  149  14:07  Supply Depot  
  149  14:08  Supply Depot  
  152  14:13  Factory  
  151  14:24  Marine  
  151  14:25  Marine x2  
  151  14:26  Siege Tank  
  156  14:40  Liberator x2  
  156  14:41  Terran Infantry Weapons Level 2, Terran Infantry Armor Level 2, Marine  
  156  14:42  Marine x3  
  166  14:52  Starport Reactor  
  165  14:57  Supply Depot  
  165  15:01  Siege Tank, Marine x4  
  165  15:06  Terran Ship Weapons Level 1  
  172  15:09  Fusion Core  
  172  15:13  Marine x4  
  172  15:14  Planetary Fortress, Marine  
  176  15:17  Factory Tech Lab  
  176  15:20  Marine x2  
  169  15:42  Viking x2  
  172  15:44  Siege Tank  
  172  15:45  Siege Tank  
  172  15:48  Sensor Tower  
  177  15:58  Command Center  
  176  16:05  Refinery  
  174  16:14  Viking x2  
  174  16:15  Marine x2  
  174  16:16  Marine x7  
  174  16:17  Siege Tank  
  188  16:23  Refinery  
  188  16:30  Viking  
  188  16:31  Viking  
  192  16:33  Marine  
  193  17:05  Liberator  
  193  17:06  Liberator, Terran Infantry Weapons Level 3, Terran Infantry Armor Level 3  
  193  17:08  Terran Ship Weapons Level 2  
  198  17:18  Command Center  
  198  17:19  Command Center  
  198  17:22  Missile Turret  
  198  17:24  Missile Turret  
  190  17:49  Marine x8  
  190  17:50  Siege Tank x2  
  189  17:54  Marine  
  188  17:58  Planetary Fortress  
  183  18:06  Marine  
  183  18:08  Marine x5  
  183  18:09  Marine  
  188  18:16  Sensor Tower  
  188  18:22  Siege Tank x2  
  188  18:23  Advanced Ballistics  
  194  18:31  Marine x2  
  194  18:32  Marine x7  
  152  18:34  Liberator x2  
  144  18:47  Refinery  
  144  18:48  Refinery  
  144  18:49  Marine x4  
  144  18:53  SCV  
  144  18:54  SCV x4, Siege Tank x2  
  158  18:55  Orbital Command  
  158  18:56  Orbital Command  
  154  19:10  Smart Servos  
  154  19:17  Sensor Tower  
  154  19:18  Refinery  
  150  19:27  Liberator x2, Marine x2  
  150  19:28  Marine x6  
  150  19:31  SCV x2  
  164  19:33  SCV x4  
  164  19:34  SCV  
  169  19:43  SCV  
  170  19:53  Sensor Tower  
  170  20:00  Marine x8  
  178  20:07  Marine  
  178  20:12  Missile Turret  
  178  20:14  Command Center  
  179  20:15  Starport, Terran Ship Weapons Level 3  
  179  20:16  Starport  
  179  20:18  Marine x3  
  182  20:31  Siege Tank x2  
  182  20:33  Marine x4  
  182  20:35  Hi-Sec Auto Tracking, Neosteel Armor  
  192  20:42  Liberator x2  
  194  20:53  Starport Tech Lab x2  
  194  20:57  Missile Turret  
  194  21:01  Marine x4  
  194  21:02  Marine x2  
  199  21:26  Command Center  
  199  21:31  Corvid Reactor  
  199  21:41  Sensor Tower  
  198  21:57  Planetary Fortress  
  198  22:12  Raven  
  181  22:25  Liberator x4  
  181  22:29  SCV x6  
  193  22:37  Siege Tank x2  
  192  22:39  Planetary Fortress  
  192  22:41  SCV x5  
  200  22:48  Command Center  
  200  23:00  Sensor Tower  
  200  23:07  Starport  
  200  23:10  Starport, Missile Turret  
  200  23:14  Refinery  
  200  23:16  Refinery  
  174  23:44  Battlecruiser x2  
  174  23:45  Siege Tank x2, Marine x2  
  174  23:46  Marine x2  
  152  23:54  Starport Tech Lab x2, Marine  
  152  23:55  Marine x4  
  157  24:03  Marine  
  157  24:09  Liberator x2  
  146  24:10  Liberator  
  146  24:11  Refinery, Planetary Fortress, Orbital Command  
  140  24:22  Marine x9  
  140  24:23  Siege Tank x2  
  155  24:34  Sensor Tower  
  155  24:39  Marine  
  155  24:41  Command Center  
  156  24:48  Battlecruiser  
  156  24:51  Missile Turret  
  162  25:02  Siege Tank  
  162  25:03  Marine x5  
  170  25:22  Marine x4, Battlecruiser  
  180  25:42  Marine x4  
  181  25:43  Marine x4  
  181  25:44  Siege Tank x2  
  192  26:01  Battlecruiser  
  194  26:21  Siege Tank x2  
  180  26:33  Marine  
  180  26:34  Marine x3  
  182  26:53  Siege Tank  
  153  27:12  Marine x4  
  156  27:16  Planetary Fortress  
  134  27:30  Marine  
  130  27:43  Barracks  
  129  27:45  Barracks  
  129  27:47  Barracks  
  129  27:49  Banshee x2  
  129  27:50  Factory  
  133  28:06  Factory  
  133  28:08  Barracks  
  133  28:09  Viking x2, Barracks  
  137  28:13  Orbital Command  
  137  28:18  Orbital Command  
  137  28:23  Orbital Command  
  133  28:38  Orbital Command  
  133  28:39  Factory Tech Lab  
  122  28:43  Banshee x2  
  122  28:45  Fusion Core  
  128  28:58  Marine x2  
  128  29:02  Factory Tech Lab  
  130  29:26  Marine x3  
  130  29:27  Marine x4  
  130  29:28  Siege Tank x2  
  130  29:31  Refinery  
  143  29:34  Battlecruiser x2  
  143  29:36  Refinery  
  155  29:44  Marine x3  
  155  29:58  Marine x2  
  159  30:44  Orbital Command  
  151  31:02  Marine x2  
  151  31:03  Marine  
Show
View Real Time Build Order
Export as new Build Order

Raza Terran 

Build Orders:  

Get SALT Encoding   

  12  0:00  SCV  
  13  0:12  SCV  
  14  0:17  Supply Depot  
  14  0:25  SCV  
  15  0:39  SCV  
  15  0:40  Barracks  
  16  0:44  Refinery  
  16  0:51  SCV  
  16  0:55  Refinery  
  17  1:03  SCV  
  18  1:15  SCV  
  19  1:27  Reaper, Orbital Command  
  19  1:29  Supply Depot  
  20  1:44  Factory  
  20  1:53  SCV  
  21  1:59  Barracks Reactor  
  21  2:05  SCV  
  22  2:17  SCV  
  22  2:22  Command Center  
  23  2:27  Hellion  
  26  2:30  SCV  
  26  2:36  Reaper x2  
  27  2:43  Supply Depot  
  27  2:45  SCV  
  27  2:49  Hellion  
  30  3:01  SCV  
  30  3:10  Reaper x2  
  31  3:13  SCV  
  32  3:20  Hellion  
  34  3:32  Starport  
  34  3:34  SCV  
  31  3:43  Hellion  
  31  3:46  SCV  
  32  3:58  SCV, Marine x2  
  35  4:04  Factory Tech Lab  
  35  4:10  SCV  
  35  4:13  Starport Tech Lab  
  35  4:15  Fusion Core  
  36  4:17  Refinery, Marine  
  36  4:18  Marine  
  38  4:31  Siege Tank  
  41  4:35  SCV  
  42  4:40  SCV, Raven  
  45  4:47  SCV  
  42  4:54  Orbital Command  
  43  5:00  SCV  
  43  5:08  Siege Tank  
  43  5:12  SCV  
  43  5:22  SCV  
  43  5:24  SCV, Raven, Marine x2  
  49  5:34  SCV  
  50  5:36  SCV  
  50  5:40  Siege Tank  
  54  5:46  Supply Depot  
  54  5:47  Supply Depot  
  54  5:59  Command Center  
  54  6:02  Supply Depot  
  54  6:06  Marine  
  54  6:07  SCV x2, Marine  
  57  6:12  Siege Tank  
  60  6:20  SCV x2  
  62  6:25  Barracks  
  62  6:26  Barracks  
  62  6:32  SCV x2, Viking  
  64  6:33  Viking  
  64  6:39  Stimpack  
  68  6:44  SCV x2  
  70  6:48  Supply Depot  
  70  6:50  Siege Tank  
  73  6:56  SCV  
  73  6:57  Marine  
  73  6:58  SCV  
  76  7:08  SCV  
  77  7:09  Liberator  
  77  7:11  Liberator  
  77  7:13  Marine  
  81  7:16  Marine  
  81  7:22  Orbital Command  
  80  7:28  Engineering Bay  
  77  7:34  Siege Tank  
  81  7:41  SCV  
  81  7:42  SCV  
  80  7:48  Barracks Reactor  
  80  7:50  Barracks Reactor  
  80  7:53  Marine  
  80  7:54  SCV x2  
  83  8:01  Missile Turret  
  83  8:03  Missile Turret x2  
  82  8:08  Liberator  
  82  8:11  Marine  
  75  8:21  Siege Tank  
  75  8:24  Marine  
  75  8:26  Marine  
  76  8:30  Marine  
  73  8:37  Viking  
  67  8:50  Marine  
  67  8:51  Viking  
  68  9:06  Marine x2  
  68  9:09  Marine  
  66  9:13  SCV  
  66  9:14  Marine  
  67  9:17  Terran Infantry Weapons Level 1  
  67  9:18  Marine  
  67  9:21  SCV  
  66  9:26  SCV  
  65  9:31  SCV  
  65  9:33  SCV  
  64  9:38  SCV  
  64  9:43  SCV  
  64  9:44  Marine  
  64  9:45  SCV  
  68  9:50  SCV  
  69  9:53  Combat Shield  
  69  9:57  SCV  
  69  9:58  SCV  
  71  10:01  Marine  
  72  10:11  Siege Tank  
  72  10:13  Marine x3  
  78  10:17  Marine  
  79  10:24  Engineering Bay  
  69  10:29  SCV x3  
  69  10:34  Marine x3  
  69  10:41  SCV x3  
  72  10:44  Siege Tank  
  72  10:49  Marine x2  
  77  10:52  Marine  
  77  10:53  SCV x2, Refinery  
  77  10:55  SCV  
  81  10:59  Marine x2  
  81  11:02  Terran Infantry Armor Level 1  
  83  11:05  SCV  
  83  11:07  Marine  
  83  11:09  Refinery  
  83  11:10  SCV x2, Refinery  
  87  11:12  Supply Depot  
  87  11:20  Armory  
  87  11:22  SCV x2  
  87  11:23  Marine x3  
  89  11:32  Siege Tank  
  87  11:36  Marine x2  
  87  11:41  Marine x3  
  90  11:50  SCV  
  90  11:53  Marine  
  90  11:54  Medivac, Marine  
  93  11:57  Medivac  
  93  11:58  Marine  
  93  11:59  Marine  
  93  12:00  SCV  
  101  12:03  SCV  
  101  12:06  Siege Tank  
  105  12:08  SCV  
  105  12:13  Marine x3  
  105  12:15  SCV  
  109  12:16  Barracks  
  109  12:17  SCV  
  109  12:18  Barracks  
  109  12:20  Marine x2  
  109  12:22  SCV  
  113  12:29  Supply Depot  
  113  12:30  Marine  
  113  12:35  Medivac x2  
  118  12:38  SCV x2  
  120  12:45  Marine  
  120  12:46  Marine  
  123  12:51  Missile Turret x2  
  123  12:53  Terran Infantry Weapons Level 2  
  122  13:03  Sensor Tower  
  122  13:04  Siege Tank  
  122  13:05  Barracks Reactor  
  124  13:07  Barracks Reactor  
  124  13:09  SCV  
  125  13:14  Marine x4  
  125  13:18  SCV x2  
  131  13:22  Terran Infantry Armor Level 2  
  131  13:29  Supply Depot  
  131  13:32  SCV  
  132  13:37  Terran Vehicle Weapons Level 1  
  132  13:41  SCV  
  133  13:43  Missile Turret  
  133  13:47  Marine  
  133  13:48  SCV, Siege Tank  
  135  13:49  Marine  
  135  13:51  Missile Turret, Marine x2  
  143  13:59  Factory  
  143  14:00  Marine x2  
  143  14:01  Marine  
  144  14:08  Marine  
  144  14:09  Marine x2  
  148  14:13  Marine  
  148  14:14  Marine  
  149  14:18  Supply Depot  
  149  14:20  SCV  
  144  14:27  Marine  
  144  14:31  Marine x6  
  144  14:33  Marine  
  149  14:39  Marine  
  149  14:40  Supply Depot, Siege Tank  
  149  14:42  Factory Tech Lab  
  153  14:50  Command Center  
  153  14:52  Marine  
  154  14:58  Marine x2  
  156  15:02  Siege Tank  
  156  15:04  Supply Depot  
  160  15:11  Marine  
  160  15:19  Terran Infantry Weapons Level 3  
  159  15:22  Marine x2  
  159  15:24  Siege Tank  
  159  15:27  Supply Depot  
  159  15:28  Marine  
  165  15:30  Marine  
  165  15:33  Marine  
  165  15:37  Marine  
  165  15:38  Terran Vehicle Weapons Level 2  
  166  15:43  Terran Infantry Armor Level 3  
  166  15:46  Medivac  
  166  15:49  Medivac  
  170  15:51  Marine  
  170  15:53  Marine  
  172  15:57  Siege Tank  
  172  15:59  Marine  
  176  16:08  Siege Tank  
  176  16:10  Marine  
  181  16:16  Medivac, Marine  
  184  16:19  Medivac  
  184  16:21  Marine  
  184  16:22  Marine x2  
  187  16:27  Sensor Tower  
  187  16:33  Marine x2  
  192  16:40  Siege Tank, Marine x3  
  195  16:47  Siege Tank  
  195  16:52  Planetary Fortress  
  197  17:01  Marine x2  
  197  17:03  SCV  
  200  17:15  Command Center  
  200  17:26  Missile Turret  
  200  17:31  Barracks  
  200  17:33  Barracks  
  200  17:35  Barracks  
  200  17:43  Siege Tank  
  193  17:48  Marine x2  
  193  17:49  Marine x2  
  191  17:53  Siege Tank  
  193  17:59  Marine x2  
  193  18:05  Marine  
  193  18:10  SCV  
  194  18:13  Factory  
  194  18:15  Siege Tank  
  197  18:22  Marine x3  
  197  18:29  Siege Tank  
  149  18:37  Medivac  
  149  18:38  Medivac, Marine x8  
  151  18:47  SCV x4  
  151  18:58  Barracks Reactor x3  
  151  18:59  SCV, Barracks Reactor  
  151  19:01  SCV x2  
  154  19:04  SCV  
  154  19:09  Medivac  
  148  19:10  Medivac  
  148  19:13  Marine x2  
  148  19:16  Marine x2  
  154  19:21  SCV x2  
  154  19:22  SCV  
  155  19:24  Marine x2  
  155  19:29  SCV  
  157  19:33  SCV  
  157  19:35  Factory Tech Lab  
  161  19:42  Planetary Fortress  
  161  19:44  Marine x4  
  162  19:46  Marine x2  
  162  19:49  Marine x2  
  166  19:56  SCV x4  
  170  20:06  Marine x9  
  179  20:08  SCV  
  179  20:12  Refinery x2  
  179  20:13  Refinery  
  180  20:16  Marine x3  
  180  20:17  Marine x2  
  180  20:18  SCV  
  180  20:20  Marine  
  187  20:23  Marine  
  187  20:24  Marine  
  187  20:26  Marine x2  
  188  20:34  SCV  
  186  20:48  Missile Turret  
  186  20:49  Missile Turret  
  184  20:50  Thor  
  184  20:51  Siege Tank  
  184  20:52  Marine  
  184  20:54  Marine  
  184  20:56  Marine x2  
  197  20:59  SCV  
  197  21:03  SCV  
  199  21:06  Marine  
  200  21:11  Terran Vehicle Weapons Level 3  
  199  21:28  Command Center  
  199  21:30  Viking  
  199  21:47  Marine  
  200  22:01  Command Center  
  181  22:26  Siege Tank, Marine  
  181  22:27  Marine x6  
  181  22:28  Marine x5  
  181  22:29  Marine x2  
  181  22:31  Marine  
  181  22:33  Siege Tank x2  
  180  22:44  Marine x2  
  180  22:45  Marine x5  
  180  22:48  SCV x4  
  180  22:51  SCV  
  192  22:53  Medivac  
  192  22:57  Medivac  
  196  22:59  Marine x2  
  196  23:00  SCV  
  199  23:16  Planetary Fortress  
  199  23:19  SCV  
  200  23:21  Command Center  
  200  23:40  Siege Tank x2  
  161  23:45  Marine x3  
  140  23:49  Siege Tank  
  140  23:50  Marine  
  140  23:51  Marine x9  
  140  23:52  SCV  
  140  23:54  SCV  
  140  23:55  SCV  
  156  23:58  SCV  
  159  24:03  Marine x2  
  159  24:04  Planetary Fortress  
  159  24:05  SCV x2  
  159  24:07  SCV x2  
  159  24:08  SCV  
  164  24:10  SCV  
  164  24:11  Marine  
  164  24:13  Marine x2  
  171  24:19  Medivac x2  
  171  24:20  Marine x2  
  177  24:26  SCV x2  
  177  24:29  Thor  
  182  24:33  Terran Vehicle And Ship Armor Level 1  
  182  24:35  Orbital Command  
  182  24:37  SCV x3  
  185  24:43  Thor  
  185  24:44  Marine x3  
  185  24:45  Marine  
  195  24:50  Missile Turret  
  195  24:51  Marine x2  
  195  24:52  Marine  
  198  24:54  SCV  
  199  25:01  Marine  
  199  25:06  Refinery, Sensor Tower  
  199  25:07  Refinery  
  200  25:09  Sensor Tower  
  200  25:17  Command Center  
  200  25:25  Ghost Academy  
  200  25:42  Refinery  
  195  25:51  Armory  
  193  25:57  SCV  
  193  25:58  Starport  
  193  25:59  Starport, Thor  
  193  26:00  Missile Turret x3  
  193  26:01  Missile Turret  
  193  26:02  Starport, Missile Turret  
  193  26:04  Missile Turret  
  200  26:08  Marine x2  
  200  26:21  Marine x2  
  191  26:32  Siege Tank, Marine x9  
  196  26:44  Barracks  
  196  26:45  Siege Tank, Barracks  
  196  26:47  Viking x3  
  196  26:48  Barracks  
  196  26:49  Marine, Barracks  
  196  26:51  Barracks  
  155  27:12  Marine  
  149  27:15  SCV  
  149  27:22  Marine x5  
  150  27:23  Viking x3  
  154  27:34  Supply Depot  
  154  27:35  Supply Depot  
  147  28:03  Supply Depot  
  147  28:04  Supply Depot  
  131  28:57  Supply Depot  
  131  28:59  Supply Depot x2  
  131  29:00  Supply Depot x2  
  131  29:01  Supply Depot  
  131  29:02  Supply Depot  
  131  29:08  Command Center x2  
  129  29:23  SCV x2, Marine x3  
  129  29:24  Missile Turret x2  
  134  29:25  Missile Turret  
  134  29:26  Missile Turret  
  134  29:29  Marine  
  134  29:32  Marine  
  125  29:49  SCV  
  111  30:19  Supply Depot, SCV, Marine x5  
  111  30:20  Supply Depot  
  111  30:21  Supply Depot  
  115  30:23  Supply Depot  
  113  30:32  SCV, Orbital Command  
  110  30:37  Marine x2  
  110  30:38  Marine x3  
  103  30:45  SCV  
  86  30:55  Marine  
  86  30:56  Marine  
  88  30:59  Marine x3  
  88  31:01  SCV  

Tags
 
Add a new tag
Caveats
  • Supply blocks, unpowered buildings, or Contaminate may cause inaccurate times.
  • Supply counts are checked every 10 seconds.